 Dungeon Crawl Stone Soup version 0.26.1-2-gb8aa6d0cf2 (webtiles) character file.

Game seed: 12250659350331116145

32 wumna the Vexing (level 3, 0/24 HPs)
             Began as a Vampire Enchanter on Feb 11, 2021.
             Succumbed to an adder's poison
             ... on level 2 of the Dungeon.
             The game lasted 00:17:49 (1078 turns).

wumna the Vexing (Vampire Enchanter)                Turns: 1078, Time: 00:17:49

Health: 0/24       AC:  2    Str:  7    XL:     3   Next: 10%
Magic:  4/6        EV: 13    Int: 18    God:
Gold:   23         SH:  0    Dex: 14    Spells: 3/7 levels left

rFire    + . .     SeeInvis +   a - +1 dagger
rCold    . . .     Faith    .   (no shield)
rNeg     . . .     Spirit   .   b - +0 robe
rPois    .         Reflect  .   (no helmet)
rElec    .         Harm     .   (no cloak)
rCorr    .         Rampage  .   (no gloves)
Will     .....                  (no boots)
Stlth    +++.......             (no amulet)
HPRegen  0.28/turn              e - ring of protection from fire
MPRegen  0.10/turn              (no ring)

@: lethally poisoned (0 -> -5), regenerating quickly
A: fangs 3, see invisible, unbreathing
a: Exsanguinate


You were on level 2 of the Dungeon.
You visited 1 branch of the dungeon, and saw 2 of its levels.

You collected 23 gold pieces.

Inventory:

Hand Weapons
 a - a +1 dagger (weapon)
 c - a +0 club
 d - a +0 dagger
 i - a +0 dagger
 n - a +0 club
 o - a +0 mace
 r - a cursed -1 hand axe
 t - a +0 dagger
 u - a +0 dagger
 x - a +0 whip of electrocution
 B - a +0 dagger
Missiles
 l - 16 sling bullets
 s - 2 silver javelins
 y - 12 bolts
 D - 29 stones
Armour
 b - a +0 robe (worn)
 g - a +0 scale mail
 h - a +0 robe
 j - a +0 ring mail
 p - a +0 leather armour
 z - a +0 ring mail
 C - a +0 helmet
Jewellery
 e - a ring of protection from fire (left hand)
Scrolls
 f - a scroll of remove curse {unknown}
 k - 2 scrolls of immolation {unknown}
 q - a scroll of noise {unknown}
 w - a scroll of identify {unknown}
 A - a scroll of teleportation {unknown}
Potions
 m - a potion of lignification {unknown}
 v - a potion of ambrosia {unknown}


   Skills:
 + Level 1.4 Short Blades
 + Level 2.5 Dodging
 + Level 4.7 Stealth
 + Level 2.5 Spellcasting
 + Level 5.0 Hexes


You had 3 spell levels left.
You knew the following spells:

 Your Spells              Type           Power        Failure   Level
a - Corona                Hex            22%          2%          1
b - Tukima's Dance        Hex            20%          6%          3

Your spell library contained the following spells:

 Spells                   Type           Power        Failure   Level
 Confusing Touch          Hex            20%          6%          3
 Ensorcelled Hibernation  Hex/Ice        22%          10%         2
 Dazzling Flash           Conj/Hex       22%          19%         3


Dungeon Overview and Level Annotations

Branches:
Dungeon (2/15)

Altars:


Innate Abilities, Weirdness & Mutations

Your natural rate of healing is unusually fast.
You have razor-sharp teeth.
You have supernaturally acute eyesight. (SInv)
You can survive without breathing.


Message History

The adder is almost dead.
The adder closely misses you. The leopard gecko closely misses you.
The adder bites you.
* * * LOW HITPOINT WARNING * * *
You are poisoned.
The adder poisons you!
You closely miss the adder. You bite the adder, but do no damage.
The adder is almost dead.
You feel sick. The leopard gecko closely misses you. The adder bites you.
* * * LOW HITPOINT WARNING * * *
You are more poisoned.
The adder poisons you!
You closely miss the adder. Your bite misses the adder.
The adder is almost dead.
* * * LOW HITPOINT WARNING * * *
You feel sick. The adder barely misses you.
The leopard gecko barely misses you.
You hit the adder.
You kill the adder!
You die...

......
......
###......
#........
#........
##........
##l).......
#@†.)...(#
###........
#......#$
#...$....
########.


You could see a leopard gecko.

Vanquished Creatures
  An adder (D:2)
  An ooze (D:1)
  A leopard gecko (D:1)
  A ball python (D:1)
  4 goblins
  3 hobgoblins (D:1)
  5 kobolds
  5 bats (D:1)
  2 frilled lizards (D:1)
  3 rats (D:1)
26 creatures vanquished.

Vanquished Creatures (collateral kills)
  A rat (D:2)
1 creature vanquished.

Grand Total: 27 creatures vanquished

Notes
Turn   | Place    | Note
-------+----------+-------------------------------------------
     0 | D:1      | wumna the Vampire Enchanter began the quest for the Orb.
     0 | D:1      | Reached XP level 1. HP: 13/13 MP: 3/3
   267 | D:1      | Reached XP level 2. HP: 19/19 MP: 3/5
   606 | D:1      | Reached skill level 5 in Hexes
   727 | D:1      | Reached XP level 3. HP: 19/24 MP: 6/6
   962 | D:1      | Learned a level 3 spell: Tukima's Dance
  1076 | D:2      | HP: 1/24 [adder (5)]
  1078 | D:2      | Succumbed to an adder's poison

Illustrated notes

Levels and vault maps discovered:
D:1:      dpeg_arrival_pits, layout_basic
D:2:      layout_rooms, minitemple

Skill      XL: |  1  2 |
---------------+-------+-----
Hexes          | 5 |  5.0
Short Blades   | |  1.4
Dodging        | |  2.5
Stealth        | |  4.7
Spellcasting   | |  2.5

Action                   || total
-------------------------++-------
Melee: Dagger            ||   111
       Bite              ||     8
Throw: Javelin           ||     1
 Cast: Corona            ||    25
       Tukima's Dance    ||     1
Armor: Robe              ||    32
Dodge: Dodged            ||   107
